 Dungeon Crawl Stone Soup version 0.32-a0-996-gb3226c233f (webtiles) character file.

Game seed: 15544729241763398204

1699902 GeoRichter the Hoplite (level 26, 251/251 HPs)
             Began as a White Draconian Berserker on Apr 22, 2024.
             Was the Champion of Trog.
             Escaped with the Orb
             ... and 3 runes on Apr 23, 2024!
             The game lasted 02:16:56 (66845 turns).

GeoRichter the Hoplite (White Draconian Berserker) Turns: 66845, Time: 02:16:57

Health: 251/251    AC: 23    Str: 22    XL:     26   Next: 41%
Magic:  23/23      EV: 25    Int: 12    God:    Trog [******]
Gold:   3661       SH: 33    Dex: 21    Spells: 25/25 levels left

rFire   + + +        a - +8 mithril axe "Arga" {speed, Will+}
rCold   + + .        W - +8 tower shield {rF+}
rNeg    + . .        (body armour unavailable)
rPois   +            Z - +3 crown of Dyrovepreva {rElec Int+2 SInv}
rElec   +            F - +2 cloak {rCorr}
rCorr   +            I - +1 pair of gloves of the Prince of Darkness {Regen+}
SInv    +            R - +2 pair of boots {rampage}
Will    +++..        k - amulet "Gaenet" {rC+ Regen+ Stlth+}
Stlth   +            B - ring of Soroim {^Drain rPois rF++ Dex+5}
HPRegen 2.21/turn    z - ring of positive energy
MPRegen 0.18/turn

%: rampage
@: maw-form, enlightened, flying, studying 2 skills
A: devouring maw, glacial breath, AC +12, unfitting armour, cold resistance 1,
cold-blooded, clumsy 1
0: Orb of Zot
}: 3/15 runes: decaying, serpentine, silver
a: Glacial Breath, Begin Untransformation, Renounce Religion, Berserk, Trog's
Hand, Brothers in Arms


You escaped.
You worshipped Trog.
Trog was exalted by your worship.
You were a creature with a mouth for a stomach.
You visited 9 branches of the dungeon, and saw 47 of its levels.
You visited 1 bazaar.
You also visited: Trove, Bailey, Gauntlet, Ice Cave and Wizlab.

You collected 8871 gold pieces.
You spent 5210 gold pieces at shops.

Inventory:

Hand Weapons
 a - the +8 mithril axe "Arga" (weapon) {speed, Will+}
   (You took it off a deep elf annihilator on level 3 of the Elven Halls)

   Will+:     It increases your willpower.
 b - a +9 antimagic broad axe
   (Trog gifted it to you on level 10 of the Dungeon)
Missiles
 w - 5 silver javelins
 C - 19 curare-tipped darts {!f}
 D - 38 javelins (quivered)
Armour
 j - the +0 pair of gloves of the Postmodern Tables {rF+ Will+ rCorr}
   (You acquired it on level 4 of the Snake Pit)

   rF+:       It protects you from fire.
   Will+:     It increases your willpower.
   rCorr:     It protects you from acid and corrosion.
 q - the +0 pair of gloves "Vikigop" {rElec rPois rN+}
   (You acquired it on level 5 of the Vaults)

   rElec:     It insulates you from electricity.
   rPois:     It protects you from poison.
   rN+:       It protects you from negative energy.
 F - a +2 cloak of preservation (worn)
   (You took it off Nikola on level 3 of the Snake Pit)
 I - the +1 pair of gloves of the Prince of Darkness (worn) {Regen+}
   (You found it on level 1 of the Swamp)

   Regen+:    It increases your rate of health regeneration.
 N - the +2 pair of boots of Ethics {rPois Int+2}
   (You found it in a treasure trove)

   Int+2:     It affects your intelligence (+2).
   rPois:     It protects you from poison.
 R - a +2 pair of boots of rampaging (worn)
   (You found it on level 4 of the Lair of Beasts)
 U - the +0 cloak "Gath" {*Corrode Str+5 Int+3}
   (You found it in a Gauntlet)

   Str+5:     It affects your strength (+5).
   Int+3:     It affects your intelligence (+3).
   *Corrode:  It may corrode you when you take damage.
 W - a +8 tower shield of fire resistance (worn)
   (You bought it in a shop on level 11 of the Dungeon)
 Y - the +5 hat of Privacy {rF+ Int+3}
   (You found it in a treasure trove)

   Int+3:     It affects your intelligence (+3).
   rF+:       It protects you from fire.
 Z - the +3 crown of Dyrovepreva (worn) {rElec Int+2 SInv}
   (You bought it in a shop on level 9 of the Dungeon)

   Int+2:     It affects your intelligence (+2).
   rElec:     It insulates you from electricity.
   SInv:      It lets you see invisible.
Jewellery
 g - the ring "Ecot" {rElec EV+5}
   (You found it on level 1 of the Swamp)

   [ring of evasion]

   EV+5:      It affects your evasion (+5).
   rElec:     It insulates you from electricity.
 k - the amulet "Gaenet" (around neck) {rC+ Regen+ Stlth+}
   (You took it off a deep elf demonologist on level 3 of the Elven Halls)

   [amulet of regeneration]

   rC+:       It protects you from cold.
   Regen+:    It increases your rate of health regeneration.
   Stlth+:    It makes you more stealthy.
 z - a ring of positive energy (right hand)
   (You bought it in a shop on level 2 of the Orcish Mines)
 B - the ring of Soroim (left hand) {^Drain rPois rF++ Dex+5}
   (You found it in a wizard's laboratory)

   [ring of poison resistance]

   Dex+5:     It affects your dexterity (+5).
   rF++:      It greatly protects you from fire.
   rPois:     It protects you from poison.
   ^Drain:    It drains your maximum health when unequipped.
 E - a +4 ring of protection
   (You bought it in a shop on level 4 of the Snake Pit)
Talismans
 s - a maw talisman (active)
   (You bought it in a shop on level 2 of the Orcish Mines)
Wands
 n - a wand of mindburst (54)
   (You found it on level 2 of the Lair of Beasts)
 G - a wand of light (44)
   (You found it on level 1 of the Snake Pit)
 Q - a wand of digging (8)
   (You found it on level 5 of the Lair of Beasts)
 S - a wand of roots (27)
   (You took it off Urug on level 5 of the Lair of Beasts)
Scrolls
 e - 15 scrolls of poison {!r}
 f - 8 scrolls of silence
 l - 13 scrolls of fog
 o - 3 scrolls of enchant armour
 p - 12 scrolls of vulnerability {!r}
 r - 7 scrolls of immolation {!r}
 v - 5 scrolls of torment {!r}
 y - 11 scrolls of teleportation {@r4}
 A - 4 scrolls of blinking
 J - a scroll of butterflies
 M - 8 scrolls of fear
Potions
 c - 5 potions of might
 d - 23 potions of ambrosia
 h - 5 potions of invisibility
 i - 30 potions of curing {@q1}
 m - 7 potions of lignification {!q}
 u - 10 potions of heal wounds {@q2}
 x - 2 potions of enlightenment
 H - 2 potions of mutation {!q}
 O - a potion of resistance
 T - 5 potions of haste {@q3}
 X - 5 potions of magic
Miscellaneous
 K - a lightning rod (4/4) {!a}
   (You found it on level 10 of the Dungeon)
 L - a Gell's gravitambourine (2/2)
   (You found it on level 10 of the Dungeon)
 P - a condenser vane
   (You found it in a Gauntlet)
 V - a phantom mirror
   (You found it in a Gauntlet)


   Skills:
 + Level 23.2 Fighting
 - Level 17.8(18.0) Axes
 - Level 3.5(12.2) Polearms
 - Level 16.0 Throwing
 + Level 18.8 Dodging
 + Level 24.6 Shields
 - Level 15.2 Evocations
 + Level 18.2 Shapeshifting


You had 25 spell levels left.
You didn't know any spells.
Your spell library was empty.

Dungeon Overview and Level Annotations

Branches:
Dungeon (15/15)            Temple (0/1) D:5            Lair (5/5) D:10
  Swamp (4/4) Lair:3        Snake (4/4) Lair:2        Slime (0/5) Lair:5
    Orc (2/2) D:10            Elf (3/3) Orc:2        Vaults (5/5) D:14
  Crypt (0/3) Vaults:3     Depths (4/4) D:15            Zot (5/5) Depths:4
 Bailey (visited)           IceCv (visited)          WizLab (visited)
Gauntlet (visited)

Altars:
Cheibriados
Dithmenos
Hepliaklqana
Kikubaaqudgha
Nemelex Xobeh
Okawaru
Qazlal
Sif Muna
Wu Jian
Zin
Jiyva

Shops:
D:1 [?!   D:2 ?   D:5 *   D:7 ***   D:9 *=[   D:11 **   Orc:2 [=*?   Elf:2 *
Elf:3 **   Snake:1 :   Snake:4 =::

Portals:
Hell: Depths:1 Depths:2 Depths:3 Depths:4
Abyss: Depths:3 Depths:4
Pandemonium: Orc:2 Depths:1 Depths:2
Ziggurat: Depths:3

Annotations:
Elf:2 5 runed translucent doors
Depths:4 exclusions: draconian stormcaller and 3 more exclusions


Innate Abilities, Weirdness & Mutations

You are a creature with a mouth for a stomach.
Your midsection houses a second, enormous mouth.
You can breathe waves of cold which freeze foes solid.
Your icy white scales are hard. (AC +12)
You cannot fit into any form of body armour.
Your flesh is cold resistant. (rC+)
You are cold-blooded and may be slowed by cold attacks.
You are clumsy. (Dex -2)


Message History

The Ice Fiend is almost dead.
You hit the Ice Fiend. You bite the Ice Fiend.
The Ice Fiend is almost dead.
You block the Ice Fiend's attack. x2
You barely miss the Ice Fiend. You bite the Ice Fiend.
You kill the Ice Fiend!
Trog accepts your kill.
You hit the phantom. You slash the phantom!
You bite the phantom, but do no damage.
The phantom is severely damaged.
You block the phantom's attack.
You slash the phantom!
You destroy the phantom!
Trog accepts your kill.
What level of the Dungeon? (default 1, ? - help)
There is a stone staircase leading up here.
You climb upwards.
There is a stone staircase leading down here.
There is a stone staircase leading up, spattered with blood here.
You climb upwards.
There is a stone staircase leading down here.
There is a stone staircase leading up here.
You climb upwards.
HP restored.
There is a stone staircase leading down here.
Things that are here:
a frilled lizard skeleton; a hobgoblin skeleton
There is a stone staircase leading up here.
You climb upwards.
There is a stone staircase leading down here.
A demonspawn black sun and a lorocyproca come into view.
The demonspawn black sun is wielding a +2 demon whip of electrocution.
The lorocyproca gives a chilling moan.
Aiming: Dig
Press: ? - help, Shift-Dir - straight line This square is covered in magical glow.
The rock shatters into small pieces.
You enter the shallow water.
Moving in this stuff is going to be slow.
Why would you want to do that? Why would you want to do that?
Why would you want to do that? Why would you want to do that?
Okay, then.
You feel very buoyant.
You fly up into the air.
The demonspawn black sun utters an invocation to Kikubaaqudgha.
The demonspawn black sun begins absorbing vital energies!
The lorocyproca begins absorbing vital energies!
There is a staircase leading out of the dungeon here.
You have escaped!

#.....#
###.###
#.....#
##.....##
#.....#
#.#ß6ß#.#
#.....#
#.#≈≈≈#.#
#######
#.#ß≈ß#.#
#.#≈≈≈#.#
#.#ß~ß#.#
##.....##
##.W.##
#####


You could see a demonspawn black sun (black mark).

Vanquished Creatures
  2 dread liches
  Frederick (Depths:4)
  9 orbs of fire
  6 ancient liches
  2 juggernauts (Depths:3)
  Xtahua (Depths:3)
  Vashnia (Snake:2)
  4 Killer Klowns
  Bai Suzhen (Vaults:3)
  2 curse toes
  Margery (Vaults:2)
  Saint Roka (Vaults:2)
  4 caustic shrikes (Depths:3)
  Norris (Elf:3)
  Nikola (Snake:3)
  the Enchantress (Depths:3)
  Jory (Depths:4)
  15 golden dragons
  A Brimstone Fiend (D:13)
  An electric golem (Zot:5)
  Mlioglotl (Snake:2)
  An Ice Fiend (D:5)
  22 tentacled monstrosities
  2 walking earthen tomes (Depths:3)
  2 deep elf blademasters (Elf:3)
  8 titans
  7 liches
  A walking frostbound tome (Depths:3)
  7 quicksilver dragons
  23 Orb Guardians (Zot:5)
  A searing wretch (Vaults:2)
  7 sphinxes
  A deep elf master archer (Elf:3)
  An Executioner (D:14)
  14 death cobs
  Kirke (Elf:1)
  16 storm dragons
  17 shadow dragons
  2 tengu reavers
  8 protean progenitors
  2 nagarajas (Snake:4)
  5 draconian knights
  4 draconian monks
  Donald (Swamp:2)
  11 fire giants
  15 vault wardens
  5 frost giants
  4 iron dragons
  8 deep elf sorcerers
  12 draconian shifters
  3 ghost moths
  7 draconian scorchers
  2 curse skulls (Vaults:3)
  7 draconian stormcallers
  3 deep elf elementalists
  11 very ugly things
  20 ironbound preservers
  A quicksilver ooze (Zot:1)
  An orc warlord (Vaults:3)
  6 draconian annihilators
  5 spriggan defenders
  12 green draconians
  9 ironbound thunderhulks
  3 vampire knights
  10 stone giants
  6 eleionomae
  6 deep elf demonologists
  13 black draconians
  8 deep elf death magi
  4 deep elf annihilators
  3 war gargoyles
  3 bunyips
  17 dire elephants
  14 red draconians
  A minotaur (Gauntlet)
  8 purple draconians
  16 white draconians
  15 yellow draconians
  2 spark wasps (Depths:4)
  2 blizzard demons (IceCv)
  30 slime creatures
  9 ettins
  5 deep elf high priests
  2 shambling mangroves
  A crystal guardian (Vaults:4)
  11 yaktaur captains
  5 salamander tyrants
  Josephine (Lair:3)
  13 fire dragons
  2 rakshasas
  4 ice dragons
  2 demonspawn (Orc:2)
  6 great orbs of eyes
  4 ghost crabs
  36 vault guards
  3 jorogumos
  8 ironbound frosthearts
  2 ogre magi
  5 alligators
  A merfolk avatar (Swamp:1)
  A peacekeeper (Vaults:4)
  2 caustic shrike simulacra (IceCv)
  2 radroaches (WizLab)
  18 hydras
  5 spriggan air magi
  9 two-headed ogres
  A two-headed ogre (shapeshifter) (WizLab)
  A death knight (Vaults:3)
  10 boulder beetles
  6 tengu warriors
  4 centaur warriors
  17 anacondas
  2 satyrs (Zot:5)
  11 dancing weapons
  A vampire mage (Vaults:3)
  4 death yaks (Lair:5)
  6 deep troll shamans
  13 shock serpents
  4 deep troll earth magi
  3 occultists
  10 spriggan berserkers
  Urug (Lair:5)
  7 orc high priests (Orc:2)
  16 naga warriors
  13 naga sharpshooters
  10 hell knights
  12 deep elf knights
  Nergalle (Lair:2)
  6 salamander mystics (Snake:4)
  5 iron trolls
  4 skeletal warriors (D:15)
  4 goliath frogs
  6 deep elf archers
  4 skysharks (Elf:3)
  A deep troll (shapeshifter) (WizLab)
  3 spriggan druids
  An obsidian statue (IceCv)
  A glowing orange brain (shapeshifter) (WizLab)
  A mana viper (shapeshifter) (WizLab)
  11 mana vipers
  A flayed ghost (Vaults:5)
  10 lindwurms
  9 swamp dragons
  2 sun moths (shapeshifter)
  A sea snake (Snake:1)
  4 bog bodies
  53 deep trolls
  An obsidian bat (Orc:2)
  4 arcanists (Vaults:1)
  6 naga ritualists
  15 ironbound convokers
  Pikel (D:4)
  2 harpies (shapeshifter)
  A lindwurm (shapeshifter) (Vaults:5)
  8 orc knights
  10 spriggan simulacra (IceCv)
  3 sea snakes (shapeshifter)
  2 phantasmal warriors
  A thermic dynamo (Elf:2)
  23 deep elf zephyrmancers
  A steelbarb worm (shapeshifter) (WizLab)
  21 deep elf pyromancers
  7 harpies (Vaults:2)
  28 ugly things
  4 cyclopes
  6 orc sorcerers
  3 fauns (shapeshifter)
  A glowing shapeshifter (WizLab)
  18 salamanders
  7 necromancers
  An elephant (shapeshifter) (WizLab)
  5 will-o-the-wisps
  3 moths of wrath (shapeshifter) (WizLab)
  30 moths of wrath
  6 manticores
  A shining eye (shapeshifter) (WizLab)
  Maurice (D:7)
  A centaur zombie (D:15)
  A large abomination (WizLab)
  A rust devil (Orc:2)
  7 elephants
  46 black mambas
  2 guardian serpents (shapeshifter)
  18 vault sentinels
  13 naga magi
  A smoke demon (Depths:2)
  A torpor snail (shapeshifter) (WizLab)
  3 torpor snails (Zot:3)
  8 guardian serpents
  A cane toad (shapeshifter) (D:13)
  A water nymph (shapeshifter) (WizLab)
  A titan simulacrum (Vaults:5)
  17 cane toads
  A minotaur zombie (Gauntlet)
  A gargoyle (D:10)
  2 centaur skeletons (D:15)
  4 rime drakes
  6 komodo dragons
  2 unseen horrors
  A freezing wraith (IceCv)
  Jeremiah (D:7)
  5 tengu conjurers
  A komodo dragon (shapeshifter) (WizLab)
  A redback zombie (D:15)
  26 yaktaurs
  5 ice devils (IceCv)
  3 anaconda simulacra (IceCv)
  2 efreet
  A golden dragon simulacrum (IceCv)
  A yaktaur skeleton (Vaults:5)
  3 human skeletons (Vaults:5)
  5 trolls
  A tarantella (shapeshifter) (WizLab)
  A bloated husk (Swamp:3)
  12 tyrant leeches
  2 alligator simulacra (IceCv)
  A queen bee (D:9)
  4 polar bears (Lair:5)
  Grinder (D:6)
  40 hornets
  6 glass eyes
  12 blink frogs
  5 dream sheep
  A slime creature (shapeshifter) (WizLab)
  2 culicivoras (shapeshifter) (WizLab)
  5 dire elephant simulacra (IceCv)
  Sigmund (D:2)
  40 spriggans
  3 air elementals
  An elf zombie (Vaults:5)
  2 shadows
  5 water elementals
  4 wyverns
  11 fire bats
  9 wraiths
  3 basilisks
  7 hogs (Elf:1)
  5 steam dragons
  31 yaks
  9 fire elementals
  3 wargs
  A redback (shapeshifter) (Vaults:5)
  2 chaos spawn
  A harpy simulacrum (IceCv)
  9 minotaur simulacra (IceCv)
  10 vampire mosquitoes
  A redback simulacrum (D:15)
  39 nagas
  2 swamp worms (shapeshifter) (WizLab)
  Menkaure (D:6)
  13 swamp worms
  3 hydra simulacra (IceCv)
  Edmund (D:4)
  An iron golem (WizLab)
  3 acid dragons
  2 hell hounds (Gauntlet)
  18 water moccasins
  11 swamp drakes
  38 orc warriors
  An ettin simulacrum (IceCv)
  5 black bears
  3 small abominations (WizLab)
  2 sky beasts
  5 ogres
  28 centaurs
  35 wolves
  8 boggarts
  2 lemures (D:3)
  3 phantoms
  3 kobold brigands
  13 bullfrogs
  Blork the orc (D:5)
  9 deep troll simulacra (IceCv)
  3 earth elementals
  2 scorpions (D:6)
  An ogre simulacrum (Vaults:5)
  5 wights (D:6)
  33 killer bees
  3 electric eels
  4 howler monkeys
  A human simulacrum (Vaults:5)
  A gnoll bouda (D:8)
  2 bombardier beetles (D:5)
  3 jellies
  24 orc priests
  6 hounds
  2 sleepcaps
  3 iguanas
  Natasha (thrice) (D:4)
  21 orc wizards
  6 hell rats (Lair:2)
  10 adders
  2 gnolls
  A white imp (D:8)
  4 ufetubi
  4 dart slugs
  A ribbon worm (D:2)
  91 orcs
  8 endoplasms
  3 giant cockroaches
  7 goblins
  9 hobgoblins
  4 quokkas
  4 ball pythons
  2 bats (D:2)
  2 frilled lizards
  20 kobolds
  4 rats
  4 aspiring fleshes
2167 creatures vanquished.

Vanquished Creatures (collateral kills)
  An orc warlord (Orc:2)
  A vault guard (Vaults:5)
  A spriggan air mage (Depths:3)
  4 death yaks (Lair:5)
  A sun demon (Orc:2)
  2 orc knights (Orc:2)
  A rust devil (Orc:2)
  A hornet (Depths:3)
  A spriggan (Depths:3)
  A chaos spawn (Orc:2)
  7 orc warriors (Orc:2)
  2 orc priests (Orc:2)
  An orc wizard (Orc:2)
  4 gnolls (D:8)
  3 orcs (Orc:2)
31 creatures vanquished.

Vanquished Creatures (others)
  2 draconian knights
  A deep elf sorcerer (Vaults:1)
  2 ironbound preservers (Vaults:5)
  A white draconian (Zot:2)
  A shambling mangrove (Swamp:3)
  A deep elf zephyrmancer (Elf:1)
  A black mamba (Snake:3)
  A naga mage (Snake:3)
  A hornet (Swamp:3)
  4 bloated husks
  A spriggan (Swamp:1)
  2 nagas
  2 swamp worms
  3 swamp drakes (Swamp:4)
  12 foxfires
35 creatures vanquished.

Grand Total: 2233 creatures vanquished

Notes
Turn   | Place    | Note
-------+----------+-------------------------------------------
     0 | D:1      | GeoRichter the Draconian Berserker began the quest for the
                  | Orb.
     0 | D:1      | Reached XP level 1. HP: 19/19 MP: 1/1
    26 | D:1      | Found Kuhytimp's Distillery.
   111 | D:1      | Reached XP level 2. HP: 26/26 MP: 2/2
   240 | D:1      | Found Faig's Magic Scroll Shop.
   263 | D:1      | Found Mischunk's Antique Armour Shoppe.
   301 | D:1      | Bought a potion of curing for 42 gold pieces
   563 | D:1      | Reached XP level 3. HP: 29/31 MP: 3/3
   939 | D:2      | Reached ** piety under Trog
  1248 | D:2      | Found Ogapidy's Magic Scroll Boutique.
  1351 | D:2      | Reached skill level 5 in Axes
  1351 | D:2      | Reached XP level 4. HP: 37/38 MP: 4/4
  1400 | D:2      | Noticed Sigmund
  1536 | D:2      | Killed Sigmund
  1537 | D:2      | Reached XP level 5. HP: 45/45 MP: 5/5
  2204 | D:3      | Reached XP level 6. HP: 50/51 MP: 6/6
  2462 | D:3      | Found a shimmering blue altar of Sif Muna.
  2525 | D:4      | Noticed Pikel
  2645 | D:4      | Killed Pikel
  2646 | D:4      | Your scales start taking on an icy white colour.
  2646 | D:4      | Reached XP level 7. HP: 30/57 MP: 7/7
  2646 | D:4      | Gained mutation: Your flesh is cold resistant. (rC+) [White
                  | Draconian growth]
  2892 | D:4      | Noticed Natasha
  2897 | D:4      | Killed Natasha
  3072 | D:4      | Noticed Natasha
  3072 | D:4      | Noticed Edmund
  3152 | D:4      | Killed Natasha
  3192 | D:4      | Killed Edmund
  3263 | D:4      | Noticed Natasha
  3266 | D:4      | Killed Natasha
  3267 | D:4      | Reached XP level 8. HP: 63/63 MP: 8/8
  3283 | D:4      | You fall into a shaft and drop 2 floors!
  3300 | D:6      | Reached skill level 10 in Axes
  3611 | D:5      | Entered Level 5 of the Dungeon
  3698 | D:6      | Noticed Menkaure
  3710 | D:6      | Killed Menkaure
  3711 | D:6      | Reached skill level 5 in Fighting
  3711 | D:6      | Reached skill level 1 in Evocations
  3851 | D:5      | Noticed Blork the orc
  3880 | D:5      | Killed Blork the orc
  3881 | D:5      | Reached XP level 9. HP: 74/74 MP: 9/9
  4598 | D:5      | Found Hustrut's Assorted Antiques.
  4638 | D:5      | Reached *** piety under Trog
  4787 | D:5      | Found a staircase to the Ecumenical Temple.
  5159 | D:6      | Found an ancient bone altar of Kikubaaqudgha.
  5159 | D:6      | Found a sparkling altar of Nemelex Xobeh.
  5344 | D:6      | Noticed Grinder
  5358 | D:6      | Killed Grinder
  5390 | D:6      | Found a snail-covered altar of Cheibriados.
  5817 | D:7      | Found Fegiypp's Assorted Antiques.
  5896 | D:7      | Found Elu Ofatt's General Store.
  5996 | D:7      | Noticed Jeremiah
  6085 | D:7      | Killed Jeremiah
  6516 | D:7      | Found an ornate altar of the Wu Jian Council.
  6798 | D:7      | Noticed Maurice
  6805 | D:7      | Maurice stole a +1 halberd of flaming
  6806 | D:7      | Maurice stole 5 poisoned darts
  6807 | D:7      | Killed Maurice
  6808 | D:7      | Reached XP level 10. HP: 44/86 MP: 6/10
  6983 | D:7      | Found Feffoina's Assorted Antiques.
  7368 | D:8      | Reached skill level 5 in Evocations
  7850 | D:8      | Found a hazy altar of Hepliaklqana.
  8114 | D:8      | Reached **** piety under Trog
  8899 | D:9      | Found Ugisaag's Assorted Antiques.
  8905 | D:9      | Bought a pitted bronze ring for 180 gold pieces
  8905 | D:9      | Identified the ring of Vioc {rPois Will- Int+2 SInv Stlth+}
                  | (You bought it in a shop on level 9 of the Dungeon)
  8949 | D:9      | Found Somoq's Jewellery Shoppe.
  8966 | D:9      | Found Fezaury's Antique Armour Boutique.
  8968 | D:9      | Found a shadowy altar of Dithmenos.
  9097 | D:9      | Noticed a two-headed ogre
  9105 | D:9      | Killed a two-headed ogre
  9106 | D:9      | Reached XP level 11. HP: 95/95 MP: 11/11
  9135 | D:9      | Found Cafona's Antique Armour Emporium.
  9188 | D:9      | Noticed a two-headed ogre
  9202 | D:9      | Killed a two-headed ogre
  9576 | D:9      | Reached skill level 5 in Dodging
  9652 | D:9      | Reached ***** piety under Trog
 10015 | D:10     | Entered Level 10 of the Dungeon
 10145 | D:10     | Found a flagged portal.
 10159 | Bailey   | Entered a bailey
 11059 | Bailey   | Identified the +8 bardiche of Painful Death {drain, *Rage
                  | rC+++ rCorr Dex-3}
 11421 | D:10     | Noticed a cyan ugly thing
 11440 | D:10     | Killed a cyan ugly thing
 11441 | D:10     | Reached skill level 1 in Polearms
 11719 | D:10     | Noticed a two-headed ogre
 11727 | D:10     | Killed a two-headed ogre
 11728 | D:10     | Reached skill level 10 in Fighting
 11793 | D:10     | Noticed a yaktaur captain
 11813 | D:10     | HP: 2/148 [yaktaur captain/+5 vampiric war axe (13)]
 11814 | D:10     | Killed a yaktaur captain
 11824 | D:10     | Received a gift from Trog
 12162 | D:10     | Paralysed by a hornet for 3 turns
 12194 | D:10     | Reached skill level 15 in Axes
 12345 | D:10     | Found a staircase to the Orcish Mines.
 12404 | D:10     | Found an iron altar of Okawaru.
 12414 | D:10     | Noticed a two-headed ogre
 12420 | D:10     | Killed a two-headed ogre
 12421 | D:10     | Reached XP level 12. HP: 77/107 MP: 4/12
 12754 | D:10     | Identified the +3 executioner's axe of Intimidation {flame,
                  | rF- rC+ rCorr Str+3}
 12754 | D:10     | Identified the amulet of Balo {Faith rF+++ Str-5}
 12754 | D:10     | Noticed an ogre mage
 12760 | D:10     | Killed an ogre mage
 12847 | D:10     | Found a staircase to the Lair.
 12895 | D:10     | Noticed a two-headed ogre
 12903 | D:10     | Killed a two-headed ogre
 13235 | D:1      | Bought a pair of glowing gloves for 172 gold pieces
 13235 | D:1      | Bought a pair of embroidered boots for 172 gold pieces
 13423 | Lair:1   | Entered Level 1 of the Lair of Beasts
 14644 | Lair:2   | Found a staircase to the Snake Pit.
 15038 | Lair:2   | Reached XP level 13. HP: 115/118 MP: 4/13
 15041 | Lair:2   | Noticed Nergalle
 15056 | Lair:2   | Killed Nergalle
 16195 | Lair:3   | Received a gift from Trog
 16255 | Lair:3   | Noticed Josephine
 16270 | Lair:3   | Killed Josephine
 16342 | Lair:3   | Noticed an eleionoma
 16356 | Lair:3   | Killed an eleionoma
 16484 | Lair:3   | Found a staircase to the Swamp.
 16688 | Lair:3   | Reached skill level 1 in Throwing
 17249 | Lair:3   | Gained mutation: You possess an exceptional clarity of
                  | mind. [potion of mutation]
 17249 | Lair:3   | Gained mutation: You expend magic power (3 MP) to
                  | strengthen your wands. [potion of mutation]
 17372 | Lair:4   | Found a transporter.
 17373 | Lair:4   | Found a transporter.
 18472 | Lair:5   | Entered Level 5 of the Lair of Beasts
 18523 | Lair:5   | Reached skill level 5 in Throwing
 18873 | Lair:5   | HP: 6/122 [death yak (4)]
 18884 | Lair:5   | Reached XP level 14. HP: 32/129 MP: 4/14
 19135 | Lair:5   | Received a gift from Trog
 19505 | Lair:5   | Noticed Urug
 19523 | Lair:5   | Killed Urug
 20078 | Lair:5   | Found a viscous altar of Jiyva.
 20078 | Lair:5   | Found a staircase to the Slime Pits.
 20513 | Lair:5   | Reached ****** piety under Trog
 20730 | Orc:1    | Entered Level 1 of the Orcish Mines
 20854 | Orc:1    | Reached skill level 10 in Dodging
 21114 | Orc:2    | Entered Level 2 of the Orcish Mines
 21516 | Orc:2    | Noticed an orc warlord
 21529 | Orc:2    | Killed an orc warlord
 21701 | Orc:2    | Reached skill level 10 in Throwing
 21704 | Orc:2    | Received a gift from Trog
 22043 | Orc:2    | Found Tukki's General Store.
 22046 | Orc:2    | Found Imouz's Magic Scroll Emporium.
 22145 | Orc:2    | Found a staircase to the Elven Halls.
 22286 | Orc:2    | Reached XP level 15. HP: 109/135 MP: 5/15
 22408 | Orc:2    | Found Ymmejiaj's Antique Armour Shop.
 22408 | Orc:2    | Found a one-way gate leading to the halls of Pandemonium.
 22408 | Orc:2    | Found Hieghoar's Jewellery Boutique.
 22817 | D:11     | Found a gate leading to a gauntlet.
 22825 | Gauntlet | Entered a Gauntlet
 22833 | Gauntlet | Found a transporter.
 22841 | Gauntlet | Found a transporter.
 22847 | Gauntlet | Found a transporter.
 22851 | Gauntlet | Found a transporter.
 22865 | Gauntlet | Found a transporter.
 22886 | Gauntlet | Found a transporter.
 22908 | Gauntlet | Found a transporter.
 22936 | Gauntlet | Found a transporter.
 22950 | Gauntlet | Found a transporter.
 22966 | Gauntlet | Found a transporter.
 22970 | Gauntlet | Found a transporter.
 22981 | Gauntlet | Found a transporter.
 23057 | Gauntlet | Identified the +1 pair of gloves "Qiasch" {Str+3}
 23103 | Gauntlet | Identified the +0 cloak "Gath" {*Corrode Str+5 Int+3}
 23131 | Gauntlet | Identified the +0 robe of Hedging {rElec Int-5 Dex+7}
 23254 | D:11     | Identified the +10 demon whip "Venlowae" {flame, rElec rC-
                  | Will+ rCorr Stlth+}
 23390 | D:11     | Found Vimevul's Fire Supplies.
 23521 | D:11     | Found Ufifapp's Assorted Antiques.
 23705 | D:11     | Reached skill level 1 in Shields
 24123 | D:12     | Reached skill level 2 in Shields
 24373 | D:12     | Reached skill level 3 in Shields
 25168 | D:13     | Found a glowing silver altar of Zin.
 25336 | D:13     | Reached skill level 4 in Shields
 25760 | D:14     | Reached skill level 5 in Shields
 26840 | D:14     | Found a gate to the Vaults.
 26856 | D:14     | Reached skill level 6 in Shields
 27156 | D:15     | Entered Level 15 of the Dungeon
 27740 | D:15     | Reached skill level 7 in Shields
 27779 | D:15     | Received a gift from Trog
 27780 | D:15     | Reached XP level 16. HP: 48/145 MP: 5/16
 28038 | D:15     | Found a staircase to the Depths.
 28166 | D:15     | Found a portal to a secret trove of treasure.
 28175 | Trove    | Entered a treasure trove
 28182 | Trove    | Identified the +5 hat of Privacy {rF+ Int+3}
 28194 | Trove    | Identified the amulet of the Assorted Youths {Spirit rCorr
                  | Str-5 Stlth+}
 28196 | Trove    | Identified the ring "Bilecoan" {Str+2 Dex+6}
 28197 | Trove    | Identified the +2 pair of boots of Ethics {rPois Int+2}
 28200 | Trove    | Identified the ring "Nuxtigh" {rC+ Will- Dex+5 SInv}
 28826 | D:9      | Bought the +3 crown of Dyrovepreva {rElec Int+2 SInv} for
                  | 1573 gold pieces
 28826 | D:9      | Found the +3 crown of Dyrovepreva {rElec Int+2 SInv}
 28917 | Snake:1  | Entered Level 1 of the Snake Pit
 29027 | D:11     | Bought a ring of protection from fire for 450 gold pieces
 29027 | D:11     | Bought a +0 tower shield of fire resistance for 207 gold
                  | pieces
 29741 | Snake:1  | Found Jifeurr's Vocational Training.
 29749 | Snake:1  | Reached skill level 8 in Shields
 30614 | Snake:1  | Reached skill level 9 in Shields
 31012 | Snake:2  | Noticed Vashnia
 31996 | Snake:2  | Killed Vashnia
 32270 | Snake:2  | Reached skill level 10 in Shields
 32321 | Snake:2  | Reached * piety under Trog
 32733 | Snake:2  | Reached skill level 15 in Throwing
 32839 | Snake:2  | Noticed Mlioglotl
 32863 | Snake:2  | Killed Mlioglotl
 33263 | Snake:2  | HP: 6/147 [constriction (5)]
 34309 | Snake:3  | Reached skill level 15 in Fighting
 34326 | Snake:3  | Reached skill level 11 in Shields
 34707 | Snake:3  | Reached XP level 17. HP: 156/156 MP: 5/17
 35382 | Snake:3  | Reached skill level 12 in Shields
 35793 | Snake:3  | Noticed Nikola
 35827 | Snake:3  | Reached skill level 1 in Shapeshifting
 35827 | Snake:3  | Killed Nikola
 35992 | Snake:3  | Identified the +9 war axe of Eternal Harmony {chaos, rN+
                  | rCorr Int+2}
 36203 | Snake:4  | Entered Level 4 of the Snake Pit
 36772 | Snake:4  | Found Fuxarroj's Book Boutique.
 36773 | Snake:4  | Found Qebefu Lifaf's Jewellery Emporium.
 36774 | Snake:4  | Found Jaej's Book Boutique.
 36927 | Snake:4  | Found a stormy altar of Qazlal.
 37709 | Snake:4  | Reached skill level 5 in Shapeshifting
 38052 | Snake:4  | Identified 2 scrolls of acquirement
 38052 | Snake:4  | Acquired 979 gold pieces
 38054 | Snake:4  | Acquired the +0 pair of gloves of the Postmodern Tables
                  | {rF+ Will+ rCorr}
 38717 | Snake:4  | Got a serpentine rune of Zot
 38845 | Snake:4  | Bought a +4 ring of protection for 792 gold pieces
 39069 | Orc:2    | Bought a maw talisman for 360 gold pieces
 39259 | Swamp:1  | Entered Level 1 of the Swamp
 39808 | Swamp:1  | Found a transporter.
 39967 | Swamp:1  | Found a transporter.
 40423 | Swamp:1  | Identified the ring "Ecot" {rElec EV+5}
 40429 | Swamp:1  | Identified the +1 pair of gloves of the Prince of Darkness
                  | {Regen+}
 40544 | Swamp:2  | Noticed Donald
 40856 | Swamp:2  | Reached XP level 18. HP: 163/163 MP: 6/18
 40869 | Swamp:1  | Received a gift from Trog
 41498 | Swamp:1  | Reached skill level 10 in Shapeshifting
 41765 | Swamp:2  | Killed Donald
 42260 | Swamp:3  | Reached skill level 13 in Shields
 42893 | Swamp:4  | Entered Level 4 of the Swamp
 43030 | Swamp:4  | Received a gift from Trog
 43037 | Swamp:4  | Found a glacial archway.
 43048 | IceCv    | Entered an ice cave
 43093 | IceCv    | Identified the -1 hat "Onas" {rN+}
 43779 | IceCv    | Identified the staff of the Priest {rElec rPois rC+ Int-2
                  | Dex+3 Ice}
 44273 | Swamp:4  | Reached skill level 14 in Shields
 44498 | Swamp:4  | Received a gift from Trog
 44872 | Swamp:4  | Got a decaying rune of Zot
 45101 | Elf:1    | Entered Level 1 of the Elven Halls
 45298 | Elf:1    | Noticed a Tzitzimitl
 45301 | Elf:1    | Reached XP level 19. HP: 156/172 MP: 6/19
 45981 | Elf:1    | Noticed Kirke
 45992 | Elf:1    | Killed Kirke
 45993 | Elf:1    | Reached skill level 15 in Shields
 46134 | Elf:2    | Paralysed by an air elemental for 1 turns
 46217 | Elf:2    | Found Jas Qoq's General Store.
 46487 | Elf:2    | Found a huge runed translucent gate.
 46487 | Elf:2    | Found a huge runed translucent gate.
 46487 | Elf:2    | Found a huge runed translucent gate.
 46493 | Elf:2    | Found a huge runed translucent gate.
 46493 | Elf:2    | Found a huge runed translucent gate.
 46567 | Elf:2    | Received a gift from Trog
 46739 | Elf:3    | Entered Level 3 of the Elven Halls
 46741 | Elf:3    | Noticed Norris
 46768 | Elf:3    | Killed Norris
 46770 | Elf:3    | Paralysed by an air elemental for 1 turns
 46968 | Elf:3    | Found Siar's Assorted Antiques.
 46971 | Elf:3    | Bought a potion of heal wounds for 160 gold pieces
 46971 | Elf:3    | Bought 2 potions of heal wounds for 320 gold pieces
 46971 | Elf:3    | Bought a tubular granite ring for 160 gold pieces
 47463 | Elf:3    | Found Byinabuf's Assorted Antiques.
 47469 | Elf:3    | Bought a scroll of enchant armour for 247 gold pieces
 47698 | Elf:3    | Received a gift from Trog
 47739 | Elf:3    | Paralysed by an air elemental for 1 turns
 48007 | Elf:3    | Identified the +6 whip "Buddofab" {distort, rPois rCorr
                  | Dex+3 SInv}
 48049 | Elf:3    | Identified the +4 demon blade of Conformity {flame, rN++
                  | Will+}
 48049 | Elf:3    | Identified the amulet of Plog {Regen+ rCorr Str-2 Int+4}
 48071 | Elf:3    | Reached skill level 16 in Shields
 48434 | Elf:3    | Identified the amulet "Gaenet" {rC+ Regen+ Stlth+}
 48463 | Elf:3    | Identified the +2 dagger "Uwempae" {flame, rC+ Int+3}
 48601 | Orc:2    | Bought a ring of positive energy for 240 gold pieces
 48880 | Vaults:1 | Entered Level 1 of the Vaults
 49124 | Vaults:1 | Reached XP level 20. HP: 184/184 MP: 20/20
 49135 | Vaults:1 | Received a gift from Trog
 49975 | Vaults:1 | Found a flickering gateway to a bazaar.
 49990 | Bazaar   | Entered a bazaar
 49993 | Bazaar   | Found Igyluent's Weapon Emporium.
 50068 | Bazaar   | Found Issot's Antique Weapon Shop.
 50082 | Bazaar   | Found Sockeuss's Magic Scroll Shoppe.
 50086 | Bazaar   | Bought a scroll of blinking for 75 gold pieces
 50096 | Bazaar   | Found Xuiph's Distillery.
 50104 | Bazaar   | Bought a potion of heal wounds for 60 gold pieces
 50127 | Bazaar   | Found Yxkezxir's Antique Armour Shoppe.
 50702 | Vaults:2 | Found a magical portal.
 50707 | WizLab   | Entered Cigotuvi's Fleshworks
 50749 | WizLab   | Received a gift from Trog
 50775 | WizLab   | Reached skill level 17 in Shields
 50997 | WizLab   | Identified the ring of Soroim {^Drain rPois rF++ Dex+5}
 51282 | Vaults:2 | Noticed Saint Roka
 51296 | Vaults:2 | Killed Saint Roka
 51355 | Vaults:2 | Noticed Margery
 51378 | Vaults:2 | Killed Margery
 51434 | Vaults:2 | Received a gift from Trog
 52348 | Vaults:3 | Reached skill level 18 in Shields
 52476 | Vaults:3 | Found the +9 sword of Power {lifebolt}
 52505 | Vaults:3 | Reached XP level 21. HP: 135/194 MP: 21/21
 52529 | Vaults:3 | Received a gift from Trog
 53120 | Vaults:3 | Found a staircase to the Crypt.
 53142 | Vaults:3 | Noticed Bai Suzhen
 53160 | Vaults:3 | Killed Bai Suzhen
 53453 | Vaults:4 | Received a gift from Trog
 53625 | Vaults:4 | Reached skill level 19 in Shields
 54571 | Vaults:5 | Entered Level 5 of the Vaults
 54573 | Vaults:5 | Noticed a dread lich
 54578 | Vaults:5 | Received a gift from Trog
 54632 | Vaults:5 | HP: 5/295 [titan/the air (20)]
 54632 | Vaults:5 | HP: 1/295 [constriction (3)]
 54635 | Vaults:5 | Killed a dread lich
 54639 | Vaults:5 | HP: 13/297 [constriction (10)]
 54647 | Vaults:5 | Reached XP level 22. HP: 92/205 MP: 22/22
 54722 | Vaults:4 | Upgraded the game from 0.32-a0-994-gabb26cbae4 to
                  | 0.32-a0-996-gb3226c233f
 54724 | Vaults:5 | Noticed an ancient lich
 54757 | Vaults:5 | Noticed an ancient lich
 54803 | Vaults:5 | Killed an ancient lich
 54804 | Vaults:5 | Reached skill level 15 in Dodging
 54815 | Vaults:5 | Killed an ancient lich
 54816 | Vaults:5 | Reached skill level 20 in Shields
 54822 | Vaults:5 | Received a gift from Trog
 55110 | Vaults:5 | Identified the +6 great sword of Amortisation {vamp, Int+3}
 55110 | Vaults:5 | Identified the ring of Umaileod {Will+ Str+3 SInv}
 55135 | Vaults:5 | Found the +9 scales of the Dragon King {rPois rF+ rC+
                  | Will+}
 55217 | Vaults:5 | Identified the +2 spear of Balance {venom, SInv}
 55305 | Vaults:5 | Noticed an ancient lich
 55319 | Vaults:5 | Killed an ancient lich
 55408 | Vaults:5 | Acquired the +0 pair of gloves "Vikigop" {rElec rPois rN+}
 55619 | Vaults:5 | Received a gift from Trog
 55718 | Vaults:5 | Got a silver rune of Zot
 56307 | Depths:1 | Entered Level 1 of the Depths
 56639 | Depths:1 | Found a gateway to Hell.
 56887 | Depths:1 | Reached skill level 15 in Shapeshifting
 57366 | Depths:1 | Reached skill level 21 in Shields
 57790 | Depths:2 | Identified the +8 scimitar of Accord {protect, rF+ rCorr
                  | Int+4 Dex+2}
 57791 | Depths:2 | Noticed a golden dragon
 57813 | Depths:2 | Killed a golden dragon
 57813 | Depths:2 | Noticed a golden dragon
 57828 | Depths:2 | Reached XP level 23. HP: 204/214 MP: 23/23
 57835 | Depths:2 | Identified the +1 pair of boots of Lugonu's Hope {Rampage
                  | *Corrode rPois MP+9}
 58112 | Depths:2 | Identified the +4 long sword of Xom's Envy {heavy, rC+
                  | Int+3}
 58466 | Depths:3 | Received a gift from Trog
 58646 | Depths:3 | You fall into a shaft and drop 1 floor!
 58646 | Depths:4 | Entered Level 4 of the Depths
 58743 | Depths:4 | Found a hazy altar of Hepliaklqana.
 58798 | Depths:3 | Noticed the Enchantress
 58833 | Depths:3 | Killed the Enchantress
 58877 | Depths:3 | Noticed Xtahua
 58895 | Depths:3 | Killed Xtahua
 59063 | Depths:3 | Received a gift from Trog
 59066 | Depths:3 | Noticed a caustic shrike
 59070 | Depths:3 | Noticed a caustic shrike
 59072 | Depths:3 | Noticed a caustic shrike
 59073 | Depths:3 | Noticed a caustic shrike
 59239 | Depths:3 | Found a one-way gate to the infinite horrors of the Abyss.
 59275 | Depths:3 | Found a one-way gateway to a ziggurat.
 59389 | Depths:3 | Noticed a juggernaut
 59422 | Depths:3 | Killed a juggernaut
 59647 | Depths:3 | Killed a caustic shrike
 59653 | Depths:3 | Killed a caustic shrike
 59655 | Depths:3 | Killed a caustic shrike
 59660 | Depths:3 | Killed a caustic shrike
 59661 | Depths:3 | Noticed a juggernaut
 59677 | Depths:3 | Killed a juggernaut
 59688 | Depths:3 | Reached skill level 22 in Shields
 59760 | Depths:3 | Identified the staff of Fedhas {rElec rPois rF++ Str-2 Air}
 60251 | Depths:4 | Found a gate to the Realm of Zot.
 60355 | Depths:4 | Noticed Jory
 60386 | Depths:4 | Killed Jory
 60386 | Depths:4 | Received a gift from Trog
 60387 | Depths:4 | Reached skill level 10 in Evocations
 60564 | Depths:4 | Identified the orb "Ipee" {light, Will+}
 60564 | Depths:4 | Noticed Frederick
 60578 | Depths:4 | Killed Frederick
 60579 | Depths:4 | Reached XP level 24. HP: 177/226 MP: 23/23
 60772 | Zot:1    | Entered Level 1 of the Realm of Zot
 61187 | Zot:1    | Received a gift from Trog
 61732 | Zot:2    | Reached skill level 23 in Shields
 61891 | Zot:2    | Noticed an orb of fire
 61925 | Zot:2    | Gained mutation: You passively map a small area around you.
                  | [an orb of fire]
 61928 | Zot:2    | Gained mutation: You are dopey. (Int -2) [an orb of fire]
 61939 | Zot:2    | Killed an orb of fire
 62423 | Zot:3    | Noticed an ancient lich
 62441 | Zot:3    | Killed an ancient lich
 62561 | Zot:3    | Identified the +0 leather armour "Purudast" {rF+ Int+4}
 62687 | Zot:3    | Identified the +7 trident of Courage {heavy, Dex+4 Stlth+}
                  | (Trog gifted it to you on level 3 of the Realm of Zot)
 62687 | Zot:3    | Received a gift from Trog
 62795 | Zot:3    | Identified the +0 pair of boots of the Buccaneer {*Slow
                  | rElec rN+}
 62804 | Zot:3    | Noticed an orb of fire
 62817 | Zot:3    | Killed an orb of fire
 63037 | Zot:3    | Reached XP level 25. HP: 237/237 MP: 2/23
 63691 | Zot:4    | Noticed a Killer Klown
 63709 | Zot:4    | Noticed an ancient lich
 63727 | Zot:4    | Killed a Killer Klown
 63754 | Zot:4    | Killed an ancient lich
 63775 | Zot:4    | Received a gift from Trog
 64922 | Zot:5    | Entered Level 5 of the Realm of Zot
 65198 | Zot:5    | Reached skill level 15 in Evocations
 65301 | Zot:5    | Reached skill level 24 in Shields
 65530 | Zot:5    | Noticed an orb of fire
 65548 | Zot:5    | Gained mutation: You do not regenerate when monsters are
                  | visible. [an orb of fire]
 65549 | Zot:5    | Killed an orb of fire
 65553 | Zot:5    | Noticed an orb of fire
 65557 | Zot:5    | Gained mutation: You have hidden genetic defects. [an orb
                  | of fire]
 65560 | Zot:5    | Gained mutation: You have terrible hidden genetic defects.
                  | [an orb of fire]
 65563 | Zot:5    | Killed an orb of fire
 65564 | Zot:5    | Noticed an orb of fire
 65564 | Zot:5    | Noticed an orb of fire
 65567 | Zot:5    | Noticed an orb of fire
 65574 | Zot:5    | Lost mutation: You possess an exceptional clarity of mind.
                  | [an orb of fire]
 65579 | Zot:5    | Killed an orb of fire
 65590 | Zot:5    | Gained mutation: Your body sometimes deteriorates upon
                  | taking damage. [an orb of fire]
 65597 | Zot:5    | Killed an orb of fire
 65615 | Zot:5    | Killed an orb of fire
 65620 | Zot:5    | Noticed an orb of fire
 65641 | Zot:5    | Killed an orb of fire
 65668 | Zot:5    | Reached XP level 26. HP: 171/248 MP: 23/23
 65677 | Zot:5    | Received a gift from Trog
 65689 | Zot:5    | Noticed an orb of fire
 65700 | Zot:5    | Gained mutation: You are frail. (-10% HP) [an orb of fire]
 65704 | Zot:5    | Killed an orb of fire
 65707 | Zot:5    | Lost mutation: Your body sometimes deteriorates upon taking
                  | damage. [potion of mutation]
 65707 | Zot:5    | Lost mutation: You passively map a small area around you.
                  | [potion of mutation]
 65707 | Zot:5    | Gained mutation: Your tail ends in a venomous barb. [potion
                  | of mutation]
 65707 | Zot:5    | Gained mutation: You passively dampen the noise of your
                  | surroundings. [potion of mutation]
 65708 | Zot:5    | Lost mutation: Your tail ends in a venomous barb. [potion
                  | of mutation]
 65708 | Zot:5    | Lost mutation: You passively dampen the noise of your
                  | surroundings. [potion of mutation]
 65709 | Zot:5    | Lost mutation: You expend magic power (3 MP) to strengthen
                  | your wands. [potion of mutation]
 65709 | Zot:5    | Lost mutation: You have terrible hidden genetic defects.
                  | [potion of mutation]
 65709 | Zot:5    | Lost mutation: You do not regenerate when monsters are
                  | visible. [potion of mutation]
 65710 | Zot:5    | Lost mutation: You have hidden genetic defects. [potion of
                  | mutation]
 65710 | Zot:5    | Lost mutation: You are dopey. (Int -2) [potion of mutation]
 65710 | Zot:5    | Lost mutation: You are frail. (-10% HP) [potion of
                  | mutation]
 65710 | Zot:5    | Gained mutation: You are clumsy. (Dex -2) [potion of
                  | mutation]
 65768 | Zot:5    | Noticed an ancient lich
 65777 | Zot:5    | Killed an ancient lich
 65807 | Zot:5    | Paralysed by a jorogumo for 1 turns
 65810 | Zot:5    | Noticed a dread lich
 65827 | Zot:5    | Paralysed by a dread lich for 3 turns
 65841 | Zot:5    | Killed a dread lich
 66164 | Zot:5    | Got the Orb of Zot
 66239 | Zot:3    | Noticed an orb of fire
 66350 | Depths:4 | Noticed Wamena the pandemonium lord
 66845 | D:$      | Escaped with the Orb!

Illustrated notes

Levels and vault maps discovered:
D:1:      lightli_arrival_statue_moat, layout_rooms, serial_shops, shop, shop,
          shop
D:2:      layout_basic, serial_shops, nicolae_shop_tiny_real_fake_doors,
          uniq_sigmund, uniq_crazy_yiuf_cottage
D:3:      layout_loops_ring, mainiacjoe_overflow_alcove_1, cheibrodos_gnoll_hut
D:4:      layout_basic, uniq_pikel, uniq_natasha, uniq_edmund
D:5:      layout_cave_pools, minmay_temple_entry_statues_pillars, serial_shops,
          shop, uniq_blork_the_orc
D:6:      layout_rooms, mainiacjoe_overflow_24_doors,
          amethyst_overflow_temple_binary, uniq_grinder, uniq_menkaure
D:7:      layout_layer_cave, mainiacjoe_overflow_six_doors_small, serial_shops,
          nicolae_shop_waterfront, nicolae_shop_rolling_square, shop,
          uniq_maurice, uniq_jeremiah
D:8:      layout_loops_ring, kennysheep_little_box, minmay_manual_macuahuitl
D:9:      layout_roguey, nicolae_overflow_hidden_temple, serial_shops, shop,
          nicolae_shop_behind_doors, nicolae_shop_overgrown_old_shop,
          nicolae_shop_pleasant_corner_grove, special_room [special_room_bee]
D:10:     minmay_the_grid_four_pointed_star_mashed
          [minmay_the_grid_triangle_9x9_steps,
          minmay_the_grid_triangle_9x9_limited_checkers,
          minmay_the_grid_triangle_9x9_stretched_checkered,
          minmay_the_grid_triangle_9x9_impossible_snake,
          minmay_the_grid_prize_diamond_cup], layout_loops_corners,
          okawaru_trees_2, david_lair_generic, david_orc_4, enter_bailey_4,
          minivault_20
D:11:     minmay_firetagon, layout_irregular_city, serial_shops,
          nicolae_diamond_shop, gauntlet_entry_generic, nicolae_shop_fire_sale
          [nicolae_sub_dead_trees]
D:12:     layout_roguey
D:13:     layout_roguey, zin_treasury
D:14:     layout_long_grid, hellmonk_vaults_attempted_burglary, hex_tiny,
          hangedman_decor_riveting, st_stairs_11, dreamdust_princess_corridor
D:15:     grunt_enter_depths_magical_seal, layout_basic,
          nicolae_trove_entry_free_sample, chequers_garden
Lair:1:   layout_gridlike
Lair:2:   layout_regular_city, minmay_snake_entry_six_corridors,
          dreamdust_wasp_nest, uniq_nergalle
Lair:3:   layout_layer_cave, alex1729_swamp_entry_worm_eleionoma,
          minmay_hedge_maze, bobbens_dragon_lair_wall, uniq_josephine
Lair:4:   gammafunk_boulding_lane, layout_regular_city, guppyfry_lair_drakes
Lair:5:   minmay_lair_end_enchanted_forest, layout_regular_city, slime_entry_1,
          grunt_forest_small_clearings, grunt_megastairs_3, uniq_urug
Swamp:1:  gammafunk_worm_tunnel, layout_basic_swamp,
          evilmike_swamp_ruin_house_2, swamp_pool_1_2, nicolae_swamp_oxbows,
          grunt_lady_of_the_lake
Swamp:2:  layout_basic_swamp, nicolae_swamp_trees_clearing, swamp_pool_1_2,
          infiniplex_staircase_pool_2, uniq_donald
Swamp:3:  layout_basic_swamp, nicolae_swamp_dense_foliage, swamp_pool_3
Swamp:4:  swamp_fiery, layout_basic_swamp, portal_ice_cave_entry_ugly_swarm,
          nicolae_swamp_long_stream
Snake:1:  layout_honeycomb, nicolae_shop_vocational, serial_bayou_shore_a
Snake:2:  layout_layer_cave, uniq_vashnia, uniq_mlioglotl
Snake:3:  layout_honeycomb, uniq_nikola
Snake:4:  snake_pit_salamanders_mu, layout_chambers, basic_altar,
          minmay_shop_grove
Orc:1:    layout_caves
Orc:2:    pf_orc_diabolical, layout_diamond_mine, nicolae_orc_found_a_spring
Elf:1:    layout_onion_city, nicolae_elf_blasts_and_bolts, uniq_kirke
Elf:2:    elven_hall_of_blades_hangedman_alternative [mumra_blade_entry_dagger],
          layout_gridlike, minmay_shop_star
Elf:3:    minmay_elf_hall_spiked, layout_loops_corners, serial_shops, shop,
          shop, uniq_norris
Vaults:1: nicolae_vaults_spaceships, grunt_vaults_focal,
          ontoclasm_vaults_gateway, nicolae_vaults_library_corner,
          nicolae_vaults_offset_grid_hallway_4, v_pattern_4,
          nicolae_vaults_storage_closets_1, layout_vaults_quadrants,
          serial_shops, bzr_entry_gold
Vaults:2: mu_enter_wizlab_1, nicolae_vaults_network_barrier,
          hangedman_vaults_pinch, nicolae_vaults_sealed_display,
          vaults_room_corners, nicolae_vaults_mini_display_case,
          hangedman_vaults_impose, hangedman_vaults_capsules,
          nicolae_vaults_offset_grid_hallway_1, v_misc_8,
          ontoclasm_vaults_claustrophobia, nicolae_vaults_double_plus_1,
          nicolae_vaults_asterisk, ontoclasm_vaults_ring_square,
          layout_vaults_omnibox, uniq_margery, uniq_saint_roka
Vaults:3: v_misc_2, grunt_vaults_hallway_long,
          minmay_guarded_unrand_sword_of_power,
          vaults_mumra_minichess_inversion, nicolae_vaults_double_plus_2,
          vaults_room_grunt_arrival_ludios, ontoclasm_vaults_hangar,
          minmay_crypt_entry_simple_statues, nicolae_vaults_trapezoid_4,
          nicolae_vaults_little_squares_4, nicolae_vaults_diamond_2,
          layout_vaults_omnicross, uniq_bai_suzhen
Vaults:4: vaults_room_semicircle, nicolae_vaults_diamond_2,
          nicolae_vaults_cornered_office, nicolae_vaults_wrenched, v_rooms_2,
          kennysheep_ogre_elephant_herders, vaults_dpeg_cross,
          hangedman_vaults_cutoff, nicolae_vaults_circle_grid_b,
          nicolae_vaults_storage_room_water, nicolae_vaults_sightless_eye,
          nicolae_vaults_apartment_1, nicolae_vaults_storage_closets_2,
          nicolae_vaults_trapezoid_lopsided_1, nicolae_vaults_little_squares_3,
          layout_vaults_ring
Vaults:5
Depths:1: layout_basic, nicolae_BIG_FREAKIN_CUBE, grunt_hell_entry_dis_grunt,
          pan_entry, minmay_librarian
Depths:2: minmay_cut_squares, layout_cave_shapes, nicolae_elevator_lobby_plus,
          rand_demon_pan_entry_7, hell_entry
Depths:3: grunt_runaround [grunt_runaround_loot, grunt_runaround_doors_1,
          grunt_runaround_doors_2, grunt_runaround_doors_3,
          grunt_runaround_doors_4], abyss_entry, hell_entry, uniq_parghit,
          uniq_enchantress, uniq_xtahua
Depths:4: evilmike_zot_entry_argh, layout_basic, serial_sigils,
          serial_sigils_hangedman_quiver, serial_sigils_hangedman_snap,
          serial_sigils_hangedman_gut, serial_sigils_hangedman_leer,
          serial_sigils_hangedman_writhe, serial_bayou_lagoon_a, abyss_entry,
          hell_entry, nicolae_hepliaklqana_hazy_memory, uniq_jory,
          uniq_frederick
Zot:1:    layout_onion_interference, grunt_megastairs_2
Zot:2:    layout_onion, regret_index_zotdec_glowing_original, grunt_megastairs_5
Zot:3:    chapayev_index_zotdef_columnade, layout_basic
Zot:4:    grunt_deathspiral_small, layout_cathedral_of_symmetry,
          regret_index_zotdec_stipple_waver, regret_index_zotdec_slimy_original
Zot:5:    layout_basic, grunt_ministairs_11

Skill      XL: |  1  2  3  4  5  6  7  8  9 10 11 12 13 14 15 16 17 18 19 20 21 22 23 24 25 26 |
---------------+-------------------------------------------------------------------------------+-----
Axes           | 4 5 6 9 11 12 14 15 16 17 | 17.8
Fighting       | 5 7 8 10 12 13 15 16 17 18 19 20 21 22 23 | 23.2
Evocations     | 2 4 5 10 13 15 | 15.2
Dodging        | 4 6 7 8 10 11 12 13 14 15 16 17 18 | 18.8
Polearms       | 3 |  3.5
Throwing       | 5 10 13 15 16 | 16.0
Shields        | 7 11 12 14 16 18 19 21 22 23 24 | 24.6
Shapeshifting  | 9 11 12 13 14 15 16 17 18 | 18.2

Action                     |  1- 3 |  4- 6 |  7- 9 | 10-12 | 13-15 | 16-18 | 19-21 | 22-24 | 25-27 || total
---------------------------+-------+-------+-------+-------+-------+-------+-------+-------+-------++-------
  Melee: Hand axe          |   115 |   126 |       |       |       |       |       |       |       ||   241
         Tailslap          |    13 |    11 |    51 |   101 |   186 |   343 |   409 |   588 |   302 ||  2004
         Whip              |       |       |    44 |       |       |       |       |       |       ||    44
         Flail             |       |       |   256 |   550 |       |       |       |       |       ||   806
         Halberd           |       |       |       |   102 |    65 |       |       |       |       ||   167
         Broad axe         |       |       |       |   227 |  1069 |  1762 |  1603 |  2082 |  1054 ||  7797
         Maw               |       |       |       |       |       |   247 |   697 |   968 |   470 ||  2382
  Throw: Dart              |       |     2 |     8 |     3 |       |       |       |       |       ||    13
         Javelin           |       |       |       |     4 |     8 |    40 |     4 |       |       ||    56
 Invoke: Berserk           |     1 |     3 |     4 |     2 |     2 |     1 |     3 |     4 |       ||    20
         Trog's Hand       |       |     1 |       |       |     2 |     5 |     7 |     4 |     2 ||    21
         Brothers in Arms  |       |       |       |       |     4 |       |     2 |     1 |     2 ||     9
Ability: Glacial Breath    |       |       |     3 |     4 |       |     1 |       |     1 |       ||     9
  Evoke: Wand              |       |       |     5 |    32 |     1 |     2 |       |       |     8 ||    48
         Phantom mirror    |       |       |       |       |     1 |       |     1 |       |       ||     2
         Gell's gravitambo |       |       |       |       |     1 |       |       |       |       ||     1
    Use: Scroll            |     1 |     7 |     4 |     9 |     8 |     6 |    15 |     5 |     4 ||    59
         Potion            |       |       |     1 |       |    10 |     6 |       |     2 |     7 ||    26
   Stab: Sleeping          |       |     1 |     1 |     7 |    15 |     1 |    10 |    11 |     1 ||    47
         Distracted        |       |       |       |     2 |     3 |     2 |     2 |     8 |     3 ||    20
         Invisible         |       |       |       |       |     3 |     5 |       |       |       ||     8
 Armour: Skin              |    60 |    59 |   190 |   423 |   435 |  1023 |   503 |   531 |   321 ||  3545
  Dodge: Dodged            |    62 |    59 |   151 |   731 |   609 |   941 |   449 |   448 |   216 ||  3666
  Block: Other             |       |       |    45 |   204 |    57 |       |       |       |       ||   306
         Reflection        |       |       |       |     4 |    21 |   142 |       |       |       ||   167
         Buckler           |       |       |       |       |   137 |       |       |       |       ||   137
         Tower shield      |       |       |       |       |   263 |  2248 |  1535 |  1899 |   799 ||  6744
   Form: Maw               |       |       |       |       |       |     2 |       |       |       ||     2
                           |       |       |       |       |       |     1 |       |       |       ||     1

Table legend: (Time is in decaauts)
 A = Elapsed time spent in this place.
 B = Non-inter-level travel time spent in this place.
 C = Inter-level travel time spent in this place.
 D = Time resting spent in this place.
 E = Time spent auto-exploring this place.
 F = Levels seen in this place.
 G = Mean time per level.
                   A        B        C        D        E       F      G
               +--------+--------+--------+--------+--------+-----+--------+
         Total |  64851 |  60518 |   4333 |   7649 |  37902 |  53 | 1223.6 |
       Dungeon |  19273 |  17185 |   2088 |   1390 |  11962 |  15 | 1284.9 |
          Lair |   7930 |   7336 |    594 |   1418 |   4705 |   5 | 1586.0 |
         Swamp |   4706 |   4531 |    175 |    663 |   2653 |   4 | 1176.5 |
     Snake Pit |   9170 |   8914 |    256 |   2236 |   5191 |   4 | 2292.5 |
  Orcish Mines |   2194 |   1861 |    333 |    490 |   1002 |   2 | 1097.0 |
   Elven Halls |   3392 |   3216 |    176 |    179 |   2105 |   3 | 1130.7 |
        Vaults |   6088 |   5750 |    338 |    204 |   3899 |   5 | 1217.6 |
        Depths |   4142 |   3894 |    248 |     61 |   2795 |   4 | 1035.5 |
           Zot |   4712 |   4590 |    122 |    315 |   2430 |   5 |  942.4 |
        Bazaar |    191 |    191 |      0 |      0 |    138 |   1 |  191.0 |
         Trove |     52 |     52 |      0 |      0 |      5 |   1 |   52.0 |
        Bailey |   1115 |   1115 |      0 |    361 |    214 |   1 | 1115.0 |
      Ice Cave |   1119 |   1119 |      0 |    309 |    430 |   1 | 1119.0 |
        Wizlab |    422 |    422 |      0 |     20 |    218 |   1 |  422.0 |
      Gauntlet |    338 |    338 |      0 |      0 |    150 |   1 |  338.0 |
               +--------+--------+--------+--------+--------+-----+--------+

Top non-repeatable levels by time:
 Snake:4: 2624 daAuts
 Snake:1: 2418 daAuts
    D:10: 2374 daAuts
 Swamp:1: 2335 daAuts
 Snake:2: 2213 daAuts
  Lair:2: 2156 daAuts
 Snake:3: 1913 daAuts
  Lair:5: 1835 daAuts
   Elf:3: 1750 daAuts
     D:7: 1702 daAuts
   Orc:2: 1678 daAuts
    D:15: 1568 daAuts
Vaults:1: 1526 daAuts
     D:8: 1515 daAuts
     D:9: 1475 daAuts
